 Dungeon Crawl Stone Soup version 0.29-a0-1023-g6ae1a4a2c7 (webtiles) character file.

Game seed: 957209835504473571

30153 HoaS the Crack Shot (level 13, -4/66 HPs)
             Began as a Gargoyle Hunter on Aug 10, 2022.
             Was the Champion of Okawaru.
             Slain by a five-headed hydra (9 damage)
             ... on level 5 of the Lair of Beasts on Aug 11, 2022.
             The game lasted 00:34:59 (11784 turns).

HoaS the Crack Shot (Gargoyle Hunter)              Turns: 11784, Time: 00:35:00

Health: -4/66      AC: 23    Str: 15    XL:     13   Next: 49%
Magic:  8/15       EV: 15    Int: 11    God:    Okawaru [******]
Gold:   1091       SH:  0    Dex: 17    Spells: 12/12 levels left

rFire   . . .      SeeInvis .   c - +7 longbow (venom)
rCold   . . .      Faith    .   (shield currently unavailable)
rNeg    + + .      Spirit   .   g - +3 leather armour
rPois   ∞          Reflect  .   C - +2 hat {Will+}
rElec   +          Harm     .   x - +2 cloak
rCorr   +          Rampage  .   p - +1 pair of gloves
Will    +....                   (no boots)
Stlth   +++.......              (no amulet)
HPRegen 0.21/turn               m - ring of positive energy
MPRegen 0.14/turn               t - ring "Ocrekaz" {Fly rCorr}

@: heroic, finesse-ful, flying
A: sickness immunity, AC +9, negative energy resistance 1, electricity
resistance, torment resistance 1, petrification resistance
a: Renounce Religion, Heroism, Finesse, Duel


You were on level 5 of the Lair of Beasts.
You worshipped Okawaru.
Okawaru was exalted by your worship.
You visited 2 branches of the dungeon, and saw 14 of its levels.

You collected 1091 gold pieces.

Inventory:

Hand Weapons
 c - a +7 longbow of venom (weapon)
Missiles
 l - 5 throwing nets
Armour
 g - a +3 leather armour (worn)
 p - a +1 pair of gloves (worn)
 x - a +2 cloak (worn)
 C - a +2 hat of willpower (worn)
Jewellery
 m - a ring of positive energy (left hand)
 r - a ring of fire
 s - a ring of fire
 t - the ring "Ocrekaz" (right hand) {Fly rCorr}
   (You found it on level 6 of the Dungeon)

   [ring of flight]

   Fly:       It grants you flight.
   rCorr:     It protects you from acid and corrosion.
 G - a ring of protection from fire
Wands
 q - a wand of mindburst (22)
 u - a wand of polymorph (17)
 z - a wand of flame (15)
 H - a wand of iceblast (5)
Scrolls
 b - 5 scrolls of immolation
 h - 5 scrolls of teleportation
 k - 3 scrolls of poison
 n - 2 scrolls of fog
 y - 2 scrolls of magic mapping
 D - a scroll of brand weapon
 E - a scroll of fear
 F - a scroll of identify
Potions
 a - 5 potions of berserk rage
 d - 9 potions of curing
 e - 2 potions of cancellation
 f - 4 potions of attraction
 i - 4 potions of mutation
 o - 5 potions of flight
 v - a potion of invisibility
 w - a potion of resistance
 A - 4 potions of might
 B - a potion of lignification


   Skills:
 - Level 2.1(7.1) Fighting
 * Level 21.8(26.8) Ranged Weapons
 - Level 1.5(6.5) Dodging
 - Level 1.1(6.1) Stealth
 - Level 3.0 Invocations


You had 12 spell levels left.
You didn't know any spells.
Your spell library contained the following spells:

 Spells                   Type           Power      Damage    Failure   Level
 Magic Dart               Conj           0%         1d3       38%         1
 Sandblast                Erth           0%         2d4       38%         1
 Passwall                 Tmut/Erth      0%         N/A       54%         2
 Searing Ray              Conj           0%         2d4       54%         2
 Conjure Flame            Conj/Fire      0%         6-21      77%         3
 Gell's Gravitas          Tloc           0%         N/A       77%         3
 Ignite Poison            Fire/Tmut/Pois 0%         N/A       77%         3
 Mephitic Cloud           Conj/Pois/Air  0%         N/A       77%         3
 Stone Arrow              Conj/Erth      0%         3d7       77%         3
 Teleport Other           Tloc           0%         N/A       77%         3
 Fulminant Prism          Conj/Hex       0%         3d6       99%         4
 Sticky Flame             Conj/Fire      0%         2d3       99%         4
 Dispersal                Tloc           0%         N/A       100%        6
 Call Imp                 Summ           Unusable   N/A       N/A         2

Dungeon Overview and Level Annotations

Branches:
Dungeon (9/15)             Temple (0/1) D:7            Lair (5/5) D:9
  Swamp (0/4) Lair:3        Snake (0/4) Lair:3
  Slime: Lair:4-5       Orc: D:9-12

Altars:
Cheibriados
Dithmenos
Fedhas
Gozag
Kikubaaqudgha
Nemelex Xobeh
Okawaru
Trog
Uskayaw
Vehumet
Xom

Shops:
D:3 *


Innate Abilities, Weirdness & Mutations

You are immune to sickness and miasma.
Your stone body is resilient. (AC +9)
You are immune to poison.
You resist negative energy. (rN+)
You are resistant to electric shocks. (rElec)
You are resistant to unholy torment.
You are immune to petrification.


Message History

The five-headed hydra is heavily wounded.
The elephant tramples you but does no damage.
The elephant misses you. The elephant tramples you.
You hold your ground!
The elephant trunk-slaps you but does no damage.
The five-headed hydra bites you but does no damage. x3
The five-headed hydra bites you.
The five-headed hydra closely misses you.
You are too injured to fight recklessly!
You are too injured to fight recklessly!
You are too injured to fight recklessly!
You can now deal lightning-fast blows.
The five-headed hydra bites you!
The five-headed hydra bites you but does no damage. x2
The five-headed hydra closely misses you.
The five-headed hydra completely misses you.
The elephant tramples you but does no damage.
The elephant trunk-slaps you but does no damage.
The elephant closely misses you. The elephant barely misses you.
You are too injured to fight recklessly!
You are too injured to fight recklessly!
You are too injured to fight recklessly!
Fire: c) +7 longbow (venom)
Press: ? - help, Q - select action, (/) - cycle Shift-Dir - straight line, f/p - five-headed hydra
Aim: a five-headed hydra (heavily wounded, very poisoned, 87% to hit)
You shoot an arrow. The arrow hits the five-headed hydra!!!
The five-headed hydra is almost dead.
Fire: c) +7 longbow (venom)
Press: ? - help, Q - select action, (/) - cycle Shift-Dir - straight line, f/p - five-headed hydra
Aim: a five-headed hydra (almost dead, very poisoned, 87% to hit)
You shoot an arrow.
The arrow barely misses the five-headed hydra.
The elephant tramples you.
* * * LOW HITPOINT WARNING * * *
You hold your ground!
The elephant trunk-slaps you but does no damage.
The five-headed hydra bites you!
* * * LOW HITPOINT WARNING * * *
The five-headed hydra bites you but does no damage. x2
The five-headed hydra bites you!
You die...

## #. #..
... ###.#
#.#
#........
.Y#Y#.#.#
......l.
..#.#.#D##
.......Y@#
#.#.#.#Y###
.......<..#
..#.#.#.#.#
........#
#.#.#.#.##
..........
..#.# #.#
P# .#.. ...
##


You could see a five-headed hydra (very poisoned), 2 elephants and a komodo
dragon.

Vanquished Creatures
  Harold (Lair:2)
  A catoblepas (Lair:4)
  4 hydras
  A two-headed ogre (D:9)
  A death yak (Lair:3)
  2 deep elf pyromancers (D:9)
  16 elephants
  4 black mambas
  A cyclops (D:7)
  9 cane toads
  5 komodo dragons
  4 rime drakes
  4 polar bears
  7 dream sheep
  10 blink frogs (Lair:1)
  4 wyverns
  19 yaks
  A steam dragon (D:9)
  11 water moccasins
  An orc warrior (D:9)
  A swamp drake (D:9)
  2 ice beasts
  A black bear (Lair:3)
  A sky beast (D:7)
  3 ogres
  8 wolves
  2 centaurs
  A phantom (D:6)
  8 bullfrogs
  3 kobold brigands
  2 gnoll sergeants (D:9)
  4 scorpions
  3 necrophages
  3 wights (D:8)
  3 killer bees (D:7)
  A howler monkey (D:6)
  A crimson imp (D:9)
  2 hounds (D:4)
  4 orc priests
  A gnoll bouda (D:6)
  Crazy Yiuf (D:7)
  An iron imp (D:9)
  Terence (D:3)
  11 orc wizards
  5 adders
  15 gnolls
  2 shadow imps
  16 white imps
  3 worms
  4 dart slugs
  28 orcs
  12 endoplasms
  7 giant cockroaches
  14 goblins
  12 hobgoblins
  5 jackals
  18 kobolds
  A quokka (D:1)
  5 ball pythons
  6 bats
  5 frilled lizards
  8 rats
340 creatures vanquished.

Vanquished Creatures (others)
  3 orcs (D:9)
  16 fungi
  15 plants
34 creatures vanquished.

Grand Total: 374 creatures vanquished

Notes
Turn   | Place    | Note
-------+----------+-------------------------------------------
     0 | D:1      | HoaS the Gargoyle Hunter began the quest for the Orb.
     0 | D:1      | Reached XP level 1. HP: 12/12 MP: 1/1
    88 | D:1      | Reached XP level 2. HP: 17/17 MP: 2/2
   345 | D:1      | Found a faded altar of an unknown god.
   499 | D:1      | Reached XP level 3. HP: 19/21 MP: 3/3
   541 | D:1      | Reached skill level 5 in Ranged Weapons
  1195 | D:2      | Found an opulent altar of Gozag.
  1235 | D:2      | Reached XP level 4. HP: 26/26 MP: 4/4
  1835 | D:3      | Identified a scroll of acquirement
  1835 | D:3      | Acquired a +5 longbow of flaming
  1980 | D:3      | Reached skill level 6 in Ranged Weapons
  2025 | D:3      | Found a snail-covered altar of Cheibriados.
  2116 | D:3      | Noticed Terence
  2121 | D:3      | Killed Terence
  2122 | D:3      | Reached XP level 5. HP: 30/30 MP: 5/5
  2177 | D:3      | Found a shimmering altar of Xom.
  2226 | D:3      | Found an iron altar of Okawaru.
  2252 | D:3      | Found Jegemut's Assorted Antiques.
  2500 | D:3      | Became a worshipper of Warmaster Okawaru
  2556 | D:4      | Noticed a wyvern
  2594 | D:4      | Killed a wyvern
  2594 | D:4      | Reached * piety under Okawaru
  2595 | D:4      | Reached skill level 7 in Ranged Weapons
  2595 | D:4      | Reached XP level 6. HP: 35/35 MP: 5/7
  2686 | D:4      | Reached XP level 7. HP: 39/40 MP: 7/9
  2875 | D:4      | Reached skill level 8 in Ranged Weapons
  3147 | D:5      | Entered Level 5 of the Dungeon
  3188 | D:5      | Found a shadowy altar of Dithmenos.
  3228 | D:5      | Found a sparkling altar of Nemelex Xobeh.
  3384 | D:5      | Reached ** piety under Okawaru
  3385 | D:5      | Reached skill level 9 in Ranged Weapons
  3523 | D:5      | Reached XP level 8. HP: 44/44 MP: 10/10
  3980 | D:6      | Reached skill level 10 in Ranged Weapons
  4117 | D:6      | Found a hide-covered altar of Uskayaw.
  4117 | D:6      | Noticed a +0 dagger
  4118 | D:6      | Noticed a +0 dagger
  4279 | D:6      | Reached *** piety under Okawaru
  4280 | D:6      | Reached skill level 11 in Ranged Weapons
  4423 | D:6      | Identified the ring "Ocrekaz" {Fly rCorr}
  4425 | D:6      | Noticed a wraith
  4776 | D:7      | Noticed a cyclops
  4781 | D:7      | Killed a cyclops
  4782 | D:7      | Reached XP level 9. HP: 48/48 MP: 8/11
  4785 | D:7      | Reached **** piety under Okawaru
  4790 | D:7      | Reached skill level 12 in Ranged Weapons
  4801 | D:7      | Found a staircase to the Ecumenical Temple.
  5256 | D:7      | Found a runed translucent door.
  5257 | D:7      | Noticed Crazy Yiuf
  5262 | D:7      | Killed Crazy Yiuf
  5263 | D:7      | Reached skill level 13 in Ranged Weapons
  5390 | D:8      | Found a radiant altar of Vehumet.
  6219 | D:9      | Found a staircase to the Lair.
  6272 | D:9      | Reached XP level 10. HP: 53/53 MP: 12/12
  6324 | D:9      | Reached skill level 14 in Ranged Weapons
  6339 | D:9      | Reached ***** piety under Okawaru
  6432 | D:9      | Noticed a two-headed ogre
  6448 | D:9      | Killed a two-headed ogre
  6880 | D:9      | Identified the +1 storm dragon scales of Ohoghadoil {*Slow
                  | rElec rCorr MP+9 Int+3} (Okawaru gifted it to you on level
                  | 9 of the Dungeon)
  6880 | D:9      | Received a gift from Okawaru
  6888 | D:9      | Reached skill level 15 in Ranged Weapons
  6889 | D:9      | Noticed a deep elf pyromancer
  6891 | D:9      | Killed a deep elf pyromancer
  6905 | D:9      | Noticed a deep elf pyromancer
  6911 | D:9      | Killed a deep elf pyromancer
  7054 | D:9      | Found a bloodstained altar of Trog.
  7056 | D:9      | Found an opulent altar of Gozag.
  7056 | D:9      | Found a blossoming altar of Fedhas.
  7056 | D:9      | Found an ancient bone altar of Kikubaaqudgha.
  7153 | Lair:1   | Entered Level 1 of the Lair of Beasts
  7196 | Lair:1   | Reached skill level 16 in Ranged Weapons
  7287 | Lair:1   | Reached XP level 11. HP: 51/57 MP: 13/13
  7296 | Lair:1   | Noticed a four-headed hydra
  7300 | Lair:1   | Killed a four-headed hydra
  7562 | Lair:1   | Reached skill level 17 in Ranged Weapons
  7688 | Lair:1   | Noticed a four-headed hydra
  7693 | Lair:1   | Noticed a lindwurm
  7977 | Lair:1   | Killed a four-headed hydra
  8514 | Lair:1   | Upgraded the game from 0.29-a0-1019-g84f7d21838 to
                  | 0.29-a0-1023-g6ae1a4a2c7
  8576 | Lair:2   | Noticed a four-headed hydra
  8584 | Lair:2   | Killed a four-headed hydra
  8584 | Lair:2   | Reached ****** piety under Okawaru
  8585 | Lair:2   | Reached skill level 18 in Ranged Weapons
  8610 | Lair:2   | Received a gift from Okawaru
  8700 | Lair:2   | Reached XP level 12. HP: 62/62 MP: 14/14
  8945 | Lair:2   | Noticed Harold
  8953 | Lair:2   | Killed Harold
  9486 | Lair:3   | Reached skill level 19 in Ranged Weapons
  9539 | Lair:3   | Found a staircase to the Snake Pit.
  9703 | Lair:3   | Found a staircase to the Swamp.
  9723 | Lair:3   | Received a gift from Okawaru
 10412 | Lair:4   | Reached skill level 20 in Ranged Weapons
 10434 | Lair:4   | Noticed a death yak
 10450 | Lair:3   | Killed a death yak
 10651 | Lair:4   | Identified the +0 plate armour "Tairian" {rCorr} (Okawaru
                  | gifted it to you on level 4 of the Lair of Beasts)
 10651 | Lair:4   | Received a gift from Okawaru
 10656 | Lair:4   | Reached XP level 13. HP: 56/66 MP: 10/15
 10918 | Lair:4   | Reached skill level 21 in Ranged Weapons
 11768 | Lair:5   | Entered Level 5 of the Lair of Beasts
 11784 | Lair:5   | Slain by a five-headed hydra

Illustrated notes

Levels and vault maps discovered:
D:1:      amcnicky_arrival_double_pillar, layout_basic,
          hellmonk_ecumenical_altar_defaced_shrine
D:2:      layout_basic, basic_altar
D:3:      layout_rooms, mainiacjoe_overflow_cross_hatched, old_standard_altar,
          okawaru_ov_weapons_minmay, serial_shops,
          nicolae_shop_advertising_works [nicolae_subvault_shop_adworks],
          dreamdust_wishing_well, minmay_vboxes, uniq_terence
D:4:      layout_rooms, dreamdust_gnoll_farm
D:5:      cheibrodos_thug_alley, layout_basic,
          mainiacjoe_overflow_six_doors_small, lemuel_doored_altar
D:6:      layout_loops_ring, dancing_weapons_uskayaw, lightli_corner_chamber
D:7:      layout_rooms, minmay_temple_entry_sparse_star,
          minmay_misc_feat_pillars, uniq_crazy_yiuf_cottage
D:8:      layout_basic, mainiacjoe_overflow_tiny_flanked
D:9:      layout_basic, grunt_temple_overflow_open, dpeg_oklobed_lair,
          hangedman_minor_magic
Lair:1:   layout_small_grid, portal_ice_cave_entry_imps,
          hangedman_lair_generics_rect
Lair:2:   layout_loops_ring, uniq_harold
Lair:3:   layout_regular_city, swamp_mist, minmay_snake_entry_six_corridors
Lair:4:   layout_gridlike, gauntlet_entry_generic, beast_lair_carwin_8
Lair:5:   evil_forest, layout_gridlike, slime_entry_1, roderic_batcave,
          minmay_hedge_maze, st_stairs_12, minivault_26

Skill      XL: |  1  2  3  4  5  6  7  8  9 10 11 12 13 |
---------------+----------------------------------------+-----
Ranged Weapons | 5 6 7 9 11 13 16 18 20 21 | 21.8
Invocations    | 2 3 |  3.0
Fighting       | |  2.1
Dodging        | |  1.5
Stealth        | |  1.1

Action                   |  1- 3 |  4- 6 |  7- 9 | 10-12 | 13-15 || total
-------------------------+-------+-------+-------+-------+-------++-------
 Fire: Shortbow          |   118 |    17 |       |       |       ||   135
       Longbow           |       |    97 |   222 |   481 |   175 ||   975
Invok: Heroism           |       |       |     1 |     4 |     1 ||     6
       Finesse           |       |       |       |     1 |     1 ||     2
  Use: Scroll            |     5 |     7 |     8 |     7 |     1 ||    28
       Potion            |       |     1 |       |    10 |       ||    11
Armor: Leather armour    |    30 |    14 |    27 |   114 |    42 ||   227
Dodge: Dodged            |    29 |    15 |    33 |   132 |    32 ||   241

Table legend: (Time is in decaauts)
 A = Elapsed time spent in this place.
 B = Non-inter-level travel time spent in this place.
 C = Inter-level travel time spent in this place.
 D = Time resting spent in this place.
 E = Time spent auto-exploring this place.
 F = Levels seen in this place.
 G = Mean time per level.
                   A        B        C        D        E       F      G
               +--------+--------+--------+--------+--------+-----+--------+
         Total |  11750 |  11185 |    565 |   1805 |   7602 |  14 |  839.3 |
       Dungeon |   7265 |   6797 |    468 |    721 |   4972 |   9 |  807.2 |
          Lair |   4485 |   4388 |     97 |   1083 |   2630 |   5 |  897.0 |
               +--------+--------+--------+--------+--------+-----+--------+

Top non-repeatable levels by time:
  Lair:1: 1363 daAuts
  Lair:3: 1271 daAuts
     D:2: 947 daAuts
     D:9: 938 daAuts
  Lair:2: 931 daAuts
     D:1: 924 daAuts
  Lair:4: 907 daAuts
     D:8: 877 daAuts
     D:6: 790 daAuts
     D:5: 753 daAuts
     D:3: 710 daAuts
     D:4: 687 daAuts
     D:7: 635 daAuts
  Lair:5: 11 daAuts
